 Dungeon Crawl Stone Soup version 0.19.0-20-gbc5f0c6 (webtiles) character file.

1402 Minion the Cleaver (level 8, -6/64 HPs)
             Began as a Minotaur Abyssal Knight on Nov 17, 2016.
             Was an Elder of Lugonu.
             Mangled by a gnoll sergeant
             ... wielding a +1 trident of venom
              (12 damage)
             ... on level 6 of the Dungeon.
             The game lasted 00:17:11 (5369 turns).

Minion the Cleaver (Minotaur Abyssal Knight)        Turns: 5369, Time: 00:17:12

Health: -6/64      AC:  5    Str: 18    XL:     8   Next: 42%
Magic:  10/10      EV: 14    Int:  9    God:    Lugonu [****..]
Gold:   251        SH:  0    Dex: 11    Spells: 0 memorised, 7 levels left

rFire  + . .     SeeInvis .     y - +1 war axe (freeze)
rCold  . . .     Gourm    .     q - +1 leather armour {rF+}
rNeg   . . .     Faith    .     (no shield)
rPois  .         Spirit   .     (helmet restricted)
rElec  .         Reflect  .     h - +0 cloak
rCorr  .         Harm     .     (no gloves)
MR     .....                    (no boots)
Stlth  +.........               o - amulet of regeneration
                                (no ring)
                                (no ring)

@: lethally poisoned (-6 -> -16)
A: retaliatory headbutt, horns 2
a: Depart the Abyss, Bend Space, Banish, Corrupt, Renounce Religion


You were on level 6 of the Dungeon.
You worshipped Lugonu.
Lugonu was greatly pleased with you.
You were hungry.

You visited 1 branch of the dungeon, and saw 6 of its levels.
You visited the Abyss 1 time.

You collected 251 gold pieces.

Inventory:

Hand Weapons
 y - a +1 war axe of freezing (weapon)
Armour
 h - a +0 cloak (worn)
 q - a +1 leather armour of fire resistance (worn)
Jewellery
 o - an amulet of regeneration (around neck)
Wands
 r - a wand of flame (37/48)
Scrolls
 a - a scroll of enchant armour {unknown}
 d - a scroll of fear {unknown}
 f - a scroll of amnesia {unknown}
 i - 2 scrolls of identify
 m - 2 scrolls of remove curse
 p - 2 scrolls of fog {unknown}
 s - a scroll of enchant weapon {unknown}
 v - a scroll of magic mapping {unknown}
 w - a scroll of recharging {unknown}
Potions
 b - a potion of heal wounds {unknown}
 e - 2 potions of magic
 g - a potion of mutation {unknown}
 l - a potion of curing {unknown}
 n - a potion of resistance {unknown}
 x - a potion of cancellation {unknown}
Comestibles
 c - 5 bread rations
 j - 5 meat rations
 u - 2 fruits


   Skills:
 - Level 3.6 Fighting
 * Level 9.4 Axes
 - Level 2.4 Armour
 + Level 5.4 Dodging
 + Level 5.3 Invocations


You had 7 spell levels left.
You didn't know any spells.

Dungeon Overview and Level Annotations

Branches:
Dungeon (6/15)             Temple (0/1) D:5

Altars:
Hepliaklqana

Annotations:
D:5 1 runed door


Innate Abilities, Weirdness & Mutations

You reflexively headbutt those who attack you in melee.
You have a pair of horns on your head.


Message History

You headbutt the gnoll sergeant.
The gnoll sergeant is almost dead.
You slash the gnoll! You freeze the gnoll.
You kill the gnoll!
Lugonu accepts your kill.
You feel sick. The gnoll hits you but does no damage.
The gnoll sergeant blocks your attack.
The gnoll sergeant is almost dead.
You feel sick.
The gnoll sergeant hits you with a trident of venom!
* * * LOW HITPOINT WARNING * * *
You are lethally poisoned!
The gnoll hits you from afar with a spear.
* * * LOW HITPOINT WARNING * * *
The gnoll sergeant blocks your attack.
The gnoll sergeant is almost dead.
* * * LOW HITPOINT WARNING * * *
You feel very sick.
The gnoll sergeant hits you with a trident of venom!
You die...

..###...#..###. #..
....#.#...........
...
#................
##. #........#......
...
######......#......
...
#.......#..##......
##.
##.##.....#.......⌠.
..#
#.......#.##........
#.. #..###[##.#@<#
.## ###.......)g## #
###.....†g### #
#.........######. #
#.#.............. #
#.#.#.#.#g#......
#................
#.#.#.#(#<#......
#.......[.......<


You could see a gnoll sergeant and a gnoll.

Vanquished Creatures
  The ghost of muxecoid the Slasher, an amateur HEGl (D:4)
  A slave (D:5)
  A centaur (D:6)
  4 bullfrogs
  A wyvern skeleton (D:4)
  A bullfrog zombie (D:4)
  3 orc priests
  2 bullfrog skeletons
  A centaur skeleton (D:4)
  3 hounds
  2 orc wizards
  10 worker ants
  A howler monkey zombie (D:5)
  A worker ant zombie (D:5)
  2 gnolls (D:6)
  7 adders
  An ooze (D:1)
  2 adder skeletons
  3 worms
  2 dart slugs
  8 leopard geckos
  19 orcs
  2 ball pythons
  4 giant cockroaches
  8 goblins
  3 hobgoblins
  13 jackals
  3 quokkas
  5 bats (D:2)
  8 frilled lizards
  A giant cockroach zombie (D:6)
  A jackal skeleton (D:5)
  8 kobolds
  5 rats
137 creatures vanquished.

Notes
Turn   | Place    | Note
-------+----------+-------------------------------------------
     0 | Abyss:1  | Minion the Minotaur Abyssal Knight began the quest for the Orb.
     0 | Abyss:1  | Reached XP level 1. HP: 19/19 MP: 1/1
    69 | Abyss:1  | Found a corrupted altar of Lugonu.
    93 | Abyss:1  | Found a corrupted altar of Lugonu.
   178 | Abyss:1  | Noticed a small abomination
   178 | D:1      | Escaped the Abyss
   330 | D:1      | Reached * piety under Lugonu
   402 | D:1      | Reached skill level 3 in Axes
   402 | D:1      | Reached XP level 2. HP: 18/26 MP: 2/2
   520 | D:1      | You fall through a shaft!
   648 | D:2      | Reached XP level 3. HP: 28/31 MP: 3/3
   903 | D:1      | Reached skill level 4 in Axes
  1930 | D:2      | Reached XP level 4. HP: 21/39 MP: 4/4
  2128 | D:2      | Reached ** piety under Lugonu
  3132 | D:3      | Found a faded altar of an unknown god.
  3256 | D:3      | Found a hazy altar of Hepliaklqana.
  3389 | D:4      | Reached skill level 5 in Axes
  3389 | D:4      | Reached XP level 5. HP: 44/45 MP: 6/6
  3456 | D:4      | Reached XP level 6. HP: 39/51 MP: 7/7
  3534 | D:4      | Reached skill level 6 in Axes
  3606 | D:4      | Noticed muxecoid's ghost (amateur HEGl)
  3635 | D:4      | Killed muxecoid's ghost
  3635 | D:4      | Reached skill level 7 in Axes
  3635 | D:4      | Reached XP level 7. HP: 5/57 MP: 8/8
  3769 | D:4      | Reached *** piety under Lugonu
  4385 | D:5      | Entered Level 5 of the Dungeon
  4404 | D:5      | Found a staircase to the Ecumenical Temple.
  4486 | D:5      | Got a jewelled rapier
  4487 | D:5      | Identified the cursed +0 rapier "Nink" {flame, Int+6} (You found it on level 5 of the Dungeon)
  4570 | D:5      | Found a runed door.
  4684 | D:5      | Reached skill level 8 in Axes
  4880 | D:6      | Reached XP level 8. HP: 64/64 MP: 10/10
  5068 | D:6      | Reached **** piety under Lugonu
  5068 | D:6      | Reached skill level 5 in Dodging
  5070 | D:6      | Reached skill level 5 in Invocations
  5074 | D:6      | Reached skill level 9 in Axes
  5369 | D:6      | Mangled by a gnoll sergeant

Skill      XL: |  1  2  3  4  5  6  7  8 |
---------------+-------------------------+-----
Axes           | 3 4 5 7 8 9 |  9.4
Invocations    | 2 3 4 5 |  5.3
Dodging        | 2 3 4 5 |  5.4
Fighting       | |  3.6
Armour         | |  2.4

Action                   |  1- 3 |  4- 6 |  7- 9 || total
-------------------------+-------+-------+-------++-------
Melee: Hand axe          |   103 |    24 |       ||   127
       Headbutt          |     8 |    14 |    36 ||    58
       War axe           |       |    92 |   194 ||   286
Invok: Depart the Abyss  |     1 |       |       ||     1
  Use: Scroll            |       |       |     2 ||     2
  Eat: Chunk             |     3 |     6 |     5 ||    14
Armor: Leather armour    |    24 |    43 |    45 ||   112
Dodge: Dodged            |    61 |    82 |   143 ||   286
